 Dungeon Crawl Stone Soup version 0.14.2 (console) character file.

194 FIQ the Soul Tainter (level 4, -3/34 HPs)
             Began as a Demonspawn Death Knight on Feb 3, 2016.
             Was a Priest of Yredelemnul.
             Slain by a gnoll
             ... wielding a +0,+0 flail
              (5 damage)
             ... on Level 3 of the Dungeon.
             The game lasted 00:04:25 (1657 turns).

FIQ the Soul Tainter (Demonspawn Death Knight)      Turns: 1657, Time: 00:04:25

HP  -3/34        AC  4     Str 13      XL: 4   Next: 78%
MP   7/7         EV 11     Int 13      God: Yredelemnul [***...]
Gold 72          SH  0     Dex 13      Spells:  0 memorised,  3 levels left

rFire  . . .     SeeInvis .     e - +0,+2 hand axe
rCold  + + +     Clarity  .     b - +0 leather armour
rNeg   . . .     Conserve .     (no shield)
rPois  .         rCorr    .     s - +0 helmet
rElec  .         rRot     .     (no cloak)
SustAb . .       Spirit   .     (no gloves)
rMut   .         Warding  .     (no boots)
Saprov + . .     Rnd*Tele +     m - amulet of rage
MR     .....                    d - ring of protection from cold {unknown}
                                j - cursed ring of teleportation

@: lethally poisoned, not resistant to hostile enchantments, very unstealthy
A: claws 1, cold resistance 2, saprovore 1
a: Animate Dead, Recall Undead Slaves, Injury Mirror, Renounce Religion, Evoke
Berserk Rage, Evoke Teleportation


You were on level 3 of the Dungeon.
You worshipped Yredelemnul.
Yredelemnul was most pleased with you.
You were not hungry.

You visited 1 branch of the dungeon, and saw 3 of its levels.

You collected 72 gold pieces.

Inventory:

Hand weapons
 a - a +1,+1 hand axe
 e - a +0,+2 hand axe (weapon)
Armour
 b - a +0 leather armour (worn)
 s - a +0 helmet (worn)
Magical devices
 k - a wand of enslavement (8)
Comestibles
 c - 3 bread rations
 h - 5 rotting chunks of orc flesh
 l - 2 chunks of jackal flesh
 p - 4 rotting chunks of orc flesh
 q - a chunk of ball python flesh
Scrolls
 g - a scroll of fear {unknown}
 n - a scroll of enchant armour {unknown}
 o - a scroll of remove curse {unknown}
 r - a scroll of random uselessness {unknown}
Jewellery
 d - a ring of protection from cold (right claw) {unknown}
 j - a cursed ring of teleportation (left claw)
 m - an amulet of rage (around neck)
Potions
 i - a potion of flight


   Skills:
 + Level 2.5 Fighting
 * Level 2.6 Axes
 + Level 2.1 Armour
 + Level 1.8 Dodging
 + Level 4.4 Invocations
 + Level 0.7 Evocations


You had 3 spell levels left.
You didn't know any spells.

Dungeon Overview and Level Annotations

Branches:
Dungeon (3/15)

Altars:
Trog


Innate Abilities, Weirdness & Mutations

You have sharp fingernails.
Your flesh is very cold resistant.
You can tolerate rotten meat.


Message History

You are too injured to fight recklessly!
Drink which item? (? for menu, Esc to quit)
Okay, then.
You hit the gnoll.
The gnoll is heavily wounded.
You hit the adder.
You kill the adder!
Yredelemnul accepts your kill.
* * * LOW HITPOINT WARNING * * *
You feel sick. The gnoll barely misses you.
You smell something rotten. (slot h)
You completely miss the gnoll.
The gnoll is heavily wounded.
The gnoll barely misses you.
You barely miss the gnoll.
The gnoll is heavily wounded.
* * * LOW HITPOINT WARNING * * *
You feel sick. The gnoll hits you with a flail.
You die...
Your body rises from the dead as a mindless zombie.

..................#
##.
#............<.# ..
#######.....)..# ##
#...<....#
#........#
#.#.#.#### #.#.#.#
#.#.#.# ####.#.#.#
###....#.#.#
#..@.......#
#....g......#
........!..###.
####.(###.## #.. ..
#.. _.. #. .#. #.
##


You could see a gnoll.

Vanquished Creatures
  An orc priest (D:3)
  3 adders
  An ooze (D:2)
  5 orcs
  2 ball pythons
  8 bats
  6 goblins
  3 hobgoblins (D:1)
  4 jackals (D:3)
  8 kobolds
  3 giant cockroaches
  3 giant geckos
  3 giant newts
  6 rats
56 creatures vanquished.

Vanquished Creatures (collateral kills)
  A giant gecko (D:2)
  A rat (D:2)
2 creatures vanquished.

Grand Total: 58 creatures vanquished

Notes
Turn   | Place    | Note
--------------------------------------------------------------
     0 | D:1      | FIQ, the Demonspawn Death Knight, began the quest for the Orb.
     0 | D:1      | Reached XP level 1. HP: 16/16 MP: 2/2
     5 | D:1      | Reached skill level 1 in Armour
   169 | D:1      | Reached skill level 1 in Dodging
   198 | D:1      | Gained mutation: You can tolerate rotten meat. [demonic ancestry]
   198 | D:1      | Reached XP level 2. HP: 19/22 MP: 4/4
   615 | D:2      | Acquired Yredelemnul's second power
   684 | D:2      | HP: 1/22 [kobold/short sword (1)]
   828 | D:2      | Gained mutation: Your flesh is cold resistant. [demonic ancestry]
   828 | D:2      | Reached XP level 3. HP: 20/27 MP: 5/5
   883 | D:2      | Reached skill level 4 in Invocations
  1208 | D:2      | Gained mutation: Your flesh is very cold resistant. [potion of beneficial mutation]
  1407 | D:2      | Gained mutation: You have sharp fingernails. [demonic ancestry]
  1407 | D:2      | Reached XP level 4. HP: 21/34 MP: 7/7
  1510 | D:3      | Acquired Yredelemnul's third power
  1642 | D:3      | Found a bloodstained altar of Trog.
  1657 | D:3      | Slain by a gnoll

Action                   |  1- 3 |  4- 6 || total
-------------------------+-------+-------++-------
Melee: Hand axe          |   116 |    43 ||   159
Evoke: Wand              |     1 |       ||     1
  Use: Potion            |     7 |     2 ||     9
